 Dungeon Crawl Stone Soup version 0.28.0-1-gb440e238dd (webtiles) character file.

Game seed: 14081579626839768864

891 Zeldest the Caller (level 8, -2/42 HPs)
             Began as a Vine Stalker Summoner on Feb 21, 2022.
             Slain by a thrashing horror (4 damage)
             ... on level 1 of the Abyss.
             The game lasted 00:22:51 (2126 turns).

Zeldest the Caller (Vine Stalker Summoner)          Turns: 2126, Time: 00:22:51

Health: -2/42      AC:  7    Str: 15      XL:     8   Next: 6%
Magic:  0/13       EV: 12    Int: 21      God:
Gold:   183        SH:  0    Dex: 18 (19) Spells: 2/13 levels left

rFire   . . .      SeeInvis .   j - +0 spear
rCold   . . .      Faith    .   (no shield)
rNeg    . . .      Spirit   +   p - +4 robe of Augmentation {Str+4 Int+4 Dex+4}
rPois   .          Reflect  .   c - +0 helmet
rElec   .          Harm     .   (no cloak)
rCorr   .          Rampage  .   (no gloves)
Will    +....                   (no boots)
Stlth   ++........              (no amulet)
HPRegen 0.94/turn               (no ring)
MPRegen 0.13/turn               (no ring)

@: no status effects
A: fangs 3, regeneration 1, magic shield, antimagic bite, no potion heal 2
a: no special abilities


You were on level 1 of the Abyss.
You visited 1 branch of the dungeon, and saw 5 of its levels.
You visited the Abyss 1 time.

You collected 183 gold pieces.

Inventory:

Hand Weapons
 j - a +0 spear (weapon)
 o - a +0 quarterstaff
Armour
 a - a +0 robe
 c - a +0 helmet (worn)
 p - the +4 robe of Augmentation (worn) {Str+4 Int+4 Dex+4}
   (You found it on level 5 of the Dungeon)

   Str:       It affects your strength (+4).
   Int:       It affects your intelligence (+4).
   Dex:       It affects your dexterity (+4).
Wands
 k - a wand of iceblast (4)
Scrolls
 d - a scroll of blinking {unknown}
 e - a scroll of teleportation {unknown}
 f - 3 scrolls of enchant weapon
 g - a scroll of fog {unknown}
 h - a scroll of amnesia {unknown}
 i - a scroll of enchant armour {unknown}
 q - a scroll of immolation {unknown}
Potions
 l - a potion of flight
 m - a potion of berserk rage


   Skills:
 + Level 4.2 Fighting
 + Level 3.0 Polearms
 - Level 1.5 Dodging
 - Level 2.4 Stealth
 + Level 3.1 Spellcasting
 + Level 6.3 Summonings
 - Level 2.5 Necromancy
 + Level 1.5 Air Magic


You had 2 spell levels left.
You knew the following spells:

 Your Spells              Type           Power      Damage    Failure   Level
a - Call Imp              Summ           29%        N/A       1%          2
b - Animate Skeleton      Necr           28%        N/A       4%          1
c - Call Canine Familiar  Summ           29%        N/A       3%          3
d - Summon Small Mammal   Summ           100%       N/A       1%          1
e - Summon Lightning Spi  Summ/Air       19%        N/A       26%         4

Your spell library contained the following spells:

 Spells                   Type           Power      Damage    Failure   Level
 Pain                     Necr           56%        1d6       4%          1
 Slow                     Hex            12%        N/A       13%         1
 Summon Guardian Golem    Hex/Summ       16%        N/A       11%         3
 Vampiric Draining        Necr           14%        2d7       14%         3
 Confusing Touch          Hex            3%         N/A       36%         3
 Fireball                 Conj/Fire      1%         3d3       98%         5
 Starburst                Conj/Fire      1%         6d3       100%        6
 Ignition                 Fire           1%         3d3       100%        8


Dungeon Overview and Level Annotations

Branches:
Dungeon (5/15)
 Temple: D:4-7

Altars:
Ru
Trog
Vehumet

Annotations:
D:4 Dowan, Duvessa
D:5 Edmund, Grinder


Innate Abilities, Weirdness & Mutations

You have razor-sharp teeth.
Your natural rate of healing is unusually fast.
When hurt, damage is shared between your health and your magic reserves.
Your bite disrupts and absorbs the magic of your enemies.
Potions cannot restore your health.


Message History

The orc hits your crimson imp with a +1 flail of distortion!
Space warps horribly around your crimson imp!
Your crimson imp dies!
Your crimson imp disappears in a puff of smoke!
Casting: Call Canine Familiar (dangerous; 3% risk of failure)
Confirm with . or Enter, or press ? or * to list all spells.
The orc hits you but does no damage.
You are cast into the Abyss!
This branch contains the abyssal rune of Zot.
A large abomination comes into view.
An iron imp comes into view.
The wretched star glows turbulently.
The lance of force hits you!!
Ouch! That really hurt!
You are knocked back by the lance of force.
You slam into the rock wall!
Okay, then.
Okay, then.
A thrashing horror comes into view.
The thrashing horror roars!
The wretched star glows turbulently.
The lance of force hits you!
* * * LOW HITPOINT WARNING * * *
You are knocked back by the lance of force.
You slam into the rock wall!
* * * LOW HITPOINT WARNING * * *
A worldbinder comes into view.
The wretched star glows turbulently.
The lance of force misses you. The thrashing horror tramples you.
* * * LOW HITPOINT WARNING * * *
You stumble backwards!
The worldbinder hits you.
* * * LOW HITPOINT WARNING * * *
The worldbinder closely misses you.
The worldbinder calls forth creatures from the Snake Pit!
The black mamba bites you.
* * * LOW HITPOINT WARNING * * *
The thrashing horror tramples you.
You die...

..#### ......# .......
.... .........# .....
.... # .♣......
##...###...
...♣.♣.....#.....#....
..........# .........
#.........####.#..### ##
.. ......S@X*...........
..........x.............
##.........#############
##.###....#. . .# ...
###.###... §.# ....# #.#
.# .# ...## .#. .###..
.#.# .. .. .. .# #
##.##..## .


You could see a wretched star, a thrashing horror, a worldbinder and a black
mamba (summoned).

Vanquished Creatures
  An ogre (D:4)
  A bullfrog (D:4)
  A water moccasin zombie (D:5)
  A water moccasin skeleton (D:4)
  A jelly (D:5)
  2 bullfrog skeletons (D:4)
  2 orc wizards
  A white imp (D:4)
  An adder skeleton (D:4)
  A worm (D:3)
  7 orcs
  A bat (D:3)
  2 endoplasms
  3 giant cockroaches
  3 hobgoblins
  3 kobolds
  3 quokkas
  2 ball pythons
  2 frilled lizards
  4 rats
42 creatures vanquished.

Vanquished Creatures (collateral kills)
  Sigmund (D:3)
  A black bear (D:2)
  A phantom (D:2)
  3 gnolls (D:3)
  2 adders
  2 white imps
  A worm (D:2)
  A dart slug (D:1)
  2 orcs (D:3)
  3 ball pythons
  3 endoplasms
  A giant cockroach (D:4)
  3 goblins
  6 hobgoblins
  2 quokkas
  2 frilled lizards
  2 kobolds
36 creatures vanquished.

Vanquished Creatures (others)
  Ijyb (D:3)
  Jessica (D:3)
  3 fungi (D:2)
  2 plants (D:2)
7 creatures vanquished.

Grand Total: 85 creatures vanquished

Notes
Turn   | Place    | Note
-------+----------+-------------------------------------------
     0 | D:1      | Zeldest the Vine Stalker Summoner began the quest for the
                  | Orb.
     0 | D:1      | Reached XP level 1. HP: 9/9 MP: 4/4
    55 | D:1      | Reached XP level 2. HP: 8/14 MP: 4/6
    91 | D:1      | Reached skill level 1 in Fighting
   180 | D:1      | Learned a level 2 spell: Call Imp
   308 | D:1      | Reached XP level 3. HP: 14/18 MP: 7/7
   391 | D:2      | Found a radiant altar of Vehumet.
   455 | D:2      | Learned a level 1 spell: Animate Skeleton
   529 | D:2      | Found a faded altar of an unknown god.
   536 | D:2      | Noticed a black bear
   570 | D:2      | Killed a black bear
   571 | D:2      | Reached skill level 1 in Polearms
   571 | D:2      | Reached skill level 1 in Necromancy
   571 | D:2      | Gained mutation: Your natural rate of healing is unusually
                  | fast. [Vine Stalker growth]
   571 | D:2      | Reached XP level 4. HP: 23/23 MP: 2/8
   571 | D:2      | Reached XP level 5. HP: 26/26 MP: 2/9
   727 | D:2      | Noticed a phantom
   741 | D:2      | Killed a phantom
   742 | D:2      | Reached skill level 5 in Summonings
   750 | D:2      | Learned a level 3 spell: Call Canine Familiar
   886 | D:3      | Noticed Sigmund
   982 | D:3      | Noticed Jessica
  1007 | D:3      | Reached XP level 6. HP: 32/32 MP: 6/10
  1027 | D:3      | Noticed Ijyb
  1027 | D:3      | Killed Jessica
  1043 | D:3      | Killed Ijyb
  1239 | D:3      | Killed Sigmund
  1240 | D:3      | Reached XP level 7. HP: 36/36 MP: 1/11
  1400 | D:4      | Found a sacrificial altar of Ru.
  1432 | D:4      | Noticed Duvessa
  1432 | D:4      | Noticed Dowan
  1482 | D:4      | Reached skill level 6 in Summonings
  1632 | D:5      | Entered Level 5 of the Dungeon
  1662 | D:5      | Reached skill level 1 in Air Magic
  1698 | D:5      | Found the +4 robe of Augmentation {Str+4 Int+4 Dex+4}
  1723 | D:5      | Learned a level 4 spell: Summon Lightning Spire
  1808 | D:5      | Noticed Grinder
  1824 | D:4      | Gained mutation: You have razor-sharp teeth. [Vine Stalker
                  | growth]
  1824 | D:4      | Reached XP level 8. HP: 42/42 MP: 2/13
  1835 | D:5      | Paralysed by Grinder for 2 turns
  1998 | D:5      | Found a bloodstained altar of Trog.
  2069 | D:5      | Noticed Edmund
  2074 | D:5      | Cast into level 1 of the Abyss (orc)
  2100 | Abyss:1  | Noticed a large abomination
  2115 | Abyss:1  | Noticed a worldbinder
  2115 | Abyss:1  | Noticed a wretched star
  2121 | Abyss:1  | Noticed a thrashing horror
  2121 | Abyss:1  | HP: 2/42 [rock wall collision (8)]
  2121 | Abyss:1  | Noticed a worldbinder
  2126 | Abyss:1  | Noticed a black mamba
  2126 | Abyss:1  | HP: 2/42 [black mamba[a worldbinder] (1)]
  2126 | Abyss:1  | Slain by a thrashing horror

Illustrated notes

Levels and vault maps discovered:
D:1:      grunt_arrival_lava_bath, layout_rooms
D:2:      layout_basic, basic_altar, dreamdust_ecumenical_altar_grove
D:3:      layout_rooms, uniq_jessica, uniq_ijyb, uniq_sigmund
D:4:      layout_rooms, nicolae_ru_awakened_eye, kennysheep_mini, led_sif_pool,
          minmay_manual_mess, uniq_duvessa
D:5:      layout_layer_cave, mainiacjoe_overflow_chevrons, uniq_grinder,
          uniq_edmund
Abyss:1:  base:
D:2

Skill      XL: |  1  2  3  4  5  6  7 |
---------------+----------------------+-----
Fighting       | 1 2 3 4 |  4.2
Polearms       | 1 2 3 |  3.0
Necromancy     | 1 2 |  2.5
Summonings     | 5 6 |  6.3
Air Magic      | 1 |  1.5
Spellcasting   | 3 |  3.1
Dodging        | |  1.5
Stealth        | |  2.4

Action                   |  1- 3 |  4- 6 |  7- 9 || total
-------------------------+-------+-------+-------++-------
Melee: Unarmed           |    55 |    34 |       ||    89
       Bite              |    21 |    17 |    17 ||    55
       Spear             |       |    18 |    67 ||    85
       Quarterstaff      |       |       |    17 ||    17
       Punch             |       |       |     1 ||     1
 Cast: Summon Small Mamm |    12 |     2 |       ||    14
       Call Imp          |     6 |     9 |    12 ||    27
       Animate Skeleton  |     4 |     8 |     4 ||    16
       Call Canine Famil |       |     6 |     9 ||    15
Evoke: Wand              |       |       |     2 ||     2
  Use: Potion            |       |     1 |     1 ||     2
       Scroll            |       |       |     4 ||     4
 Stab: Sleeping          |     1 |       |     1 ||     2
       Distracted        |       |     3 |     1 ||     4
Armor: Robe              |    18 |     6 |    19 ||    43
Dodge: Dodged            |    33 |    19 |    39 ||    91
